 Dungeon Crawl Stone Soup version 0.19-a0-1490-g5dd3618 (webtiles) character file.

86 epen the Chopper (level 4, -1/41 HPs)
             Began as a Hill Orc Monk on Sept 8, 2016.
             Slain by a gnoll
             ... wielding a +0 whip
              (10 damage)
             ... on level 2 of the Dungeon.
             The game lasted 00:02:03 (1925 turns).

epen the Chopper (Hill Orc Monk)                    Turns: 1925, Time: 00:02:03

Health: -1/41      AC:  2    Str: 14    XL:     4   Next: 50%
Magic:  4/4        EV: 13    Int: 10    God:
Gold:   101        SH:  0    Dex: 13    Spells: 0 memorised, 3 levels left

rFire  . . .     SeeInvis .     a - +0 hand axe
rCold  . . .     Gourm    .     b - +0 robe
rNeg   . . .     Faith    .     (no shield)
rPois  .         Spirit   .     (no helmet)
rElec  .         Dismiss  .     (no cloak)
rCorr  +         Reflect  .     (no gloves)
MR     .....     Harm     .     (no boots)
Stlth  ++........               (no amulet)
                                (no ring)
                                d - ring of resist corrosion

@: no status effects
A: no striking features
a: no special abilities


You were on level 2 of the Dungeon.
You were not hungry.

You visited 1 branch of the dungeon, and saw 3 of its levels.

You collected 101 gold pieces.

Inventory:

Hand Weapons
 a - a +0 hand axe (weapon)
Armour
 b - a +0 robe (worn)
Jewellery
 d - a ring of resist corrosion (left hand)
 h - a +6 ring of evasion {unknown}
Scrolls
 e - a scroll of random uselessness {unknown}
 i - 4 scrolls of identify {unknown}
 k - 2 scrolls of enchant weapon {unknown}
 n - a scroll of amnesia {unknown}
Potions
 f - a potion of ambrosia {unknown}
 g - a potion of curing {unknown}
 j - a potion of heal wounds {unknown}
 o - a potion of cancellation {unknown}
 p - a potion of flight {unknown}
 q - a potion of might {unknown}
Comestibles
 c - a bread ration
 l - 2 slices of pizza
 m - 7 chunks of flesh


   Skills:
 + Level 4.3 Fighting
 + Level 4.7 Axes
 + Level 1.6 Armour
 * Level 3.1 Dodging
 - Level 1.5 Stealth


You had 3 spell levels left.
You didn't know any spells.

Dungeon Overview and Level Annotations

Branches:
Dungeon (3/15)

Altars:


Message History

Unknown command.
You hit the gnoll but do no damage. The gnoll closely misses you.
You hit the gnoll but do no damage. The gnoll hits you with a whip!
* * * LOW HITPOINT WARNING * * *
You are too injured to fight recklessly!
You are too injured to fight recklessly!
You hit the gnoll but do no damage. The gnoll closely misses you.
You hit the gnoll.
The gnoll is lightly wounded.
The gnoll barely misses you.
You hit the gnoll but do no damage.
The gnoll is lightly wounded.
The gnoll barely misses you.
You barely miss the gnoll.
The gnoll is lightly wounded.
The gnoll hits you but does no damage.
You hit the gnoll.
The gnoll is heavily wounded.
The gnoll hits you with a whip!
You die...

#.#.# #########.#.# #.......(.#.#
#.###.....#.# #.#.+.....#.#
#######.#.#....##.#
........#.......#.#
######..######..#.##########
..............>g@.....<....#
..##.#..####.#.##.##########
..'.....................###
[.##.#...###.#.#..........#
..##.#.......<......###...#
..##.#...#.....#.################
..##.#.#.#####.#.##..............
..##.#.#..# #.#.##.#############
..##.#.#..# #.#.##.#


You could see a gnoll.

Vanquished Creatures
  An orc wizard (D:3)
  An adder (D:2)
  2 worms (D:2)
  A dart slug (D:1)
  A giant gecko (D:2)
  4 orcs (D:3)
  A ball python (D:1)
  10 bats
  3 giant cockroaches
  2 goblins
  2 hobgoblins
  3 giant newts
  3 kobolds
  6 rats
40 creatures vanquished.

Notes
Turn   | Place    | Note
-------+----------+-------------------------------------------
     0 | D:1      | epen the Hill Orc Monk began the quest for the Orb.
     0 | D:1      | Reached XP level 1. HP: 19/19 MP: 1/1
   103 | D:1      | Reached XP level 2. HP: 12/27 MP: 2/2
   404 | D:1      | Reached skill level 1 in Armour
   655 | D:1      | Reached XP level 3. HP: 25/33 MP: 3/3
  1709 | D:3      | Reached XP level 4. HP: 34/40 MP: 4/4
  1925 | D:2      | Slain by a gnoll

Vault maps used:
D:1:      lightli_iron_boxes
D:3:      nemelex_lonely_heart_becter, uniq_sigmund, uniq_grinder,
          uniq_crazy_yiuf_cottage

Skill      XL: |  1  2  3  4 |
---------------+-------------+-----
Armour         | 1 |  1.6
Fighting       | 4 |  4.3
Dodging        | 3 |  3.1
Axes           | |  4.7
Stealth        | |  1.5

Action                   |  1- 3 |  4- 6 || total
-------------------------+-------+-------++-------
Melee: Hand axe          |   127 |    14 ||   141
 Stab: Sleeping          |     3 |       ||     3
  Eat: Chunk             |     3 |       ||     3
Armor: Robe              |    43 |     2 ||    45
Dodge: Dodged            |   110 |    11 ||   121
